 Dungeon Crawl Stone Soup version 0.30-a0-364-gf6b3ef1049 (webtiles) character file.

Game seed: 11006268567109126458

1021 sanka the Summoner (level 8, -24/56 HPs)
             Began as a Barachi Summoner on Nov 15, 2022.
             Was a Follower of Hepliaklqana.
             Killed from afar by a gargoyle (32 damage)
             ... with a stone arrow
             ... in a bailey.
             The game lasted 00:16:37 (6200 turns).

sanka the Summoner (Barachi Summoner)               Turns: 6200, Time: 00:16:37

Health: -24/56     AC:  6    Str:  9    XL:     8   Next: 22%
Magic:  8/12       EV: 14    Int: 18    God:    Hepliaklqana [*.....]
Gold:   236        SH:  0    Dex: 13    Spells: 7/13 levels left

rFire   . . .      SeeInvis .    A - +0 halberd
rCold   . . .      Faith    .    (shield currently unavailable)
rNeg    . . .      Spirit   .    p - +0 robe
rPois   .          Reflect  .    (no helmet)
rElec   .          Harm     .    r - +0 cloak
rCorr   .          Rampage  .    (no gloves)
Will    .....                    n - +2 pair of boots
Stlth   ++........               (no amulet)
HPRegen 0.29/turn                (no ring)
MPRegen 0.13/turn                (no ring)

@: slow
A: reduced essence, amphibious, slowness 1, strong legs 1, +LOS
a: Hop, Renounce Religion, Recall Ancestor, Ancestor Identity


You were in a bailey.
You worshipped Hepliaklqana.
Hepliaklqana was aware of your devotion.
You visited 2 branches of the dungeon, and saw 8 of its levels.
You also visited: Bailey.

You collected 236 gold pieces.


Innate Abilities, Weirdness & Mutations

Your life essence is reduced to manifest your ancestor. (-10% HP)
You are amphibious.
You cover ground slowly.
You can hop short distances.
You have an extended range of vision and can be seen from far away.


   Skills:
 + Level 5.6 Fighting
 * Level 6.4 Dodging
 - Level 1.7 Stealth
 - Level 3.0 Spellcasting
 - Level 8.0 Summonings


You had 7 spell levels left.
You knew the following spells:

 Your Spells              Type           Power      Damage    Failure   Level
c - Call Canine Familiar  Summ           31%        N/A       1%          3
x - Call Imp              Summ           31%        N/A       1%          2
z - Summon Small Mammal   Summ           100%       N/A       1%          1

Your spell library contained the following spells:

 Spells                   Type           Power      Damage    Failure   Level
 Summon Guardian Golem    Hex/Summ       17%        N/A       10%         3
 Apportation              Tloc           4%         N/A       16%         1
 Magic Dart               Conj           8%         1d3       16%         1
 Necrotise                Necr           8%         1d4       16%         1
 Ensorcelled Hibernation  Hex/Ice        4%         N/A       24%         2
 Summon Lightning Spire   Summ/Air       17%        N/A       30%         4
 Mephitic Cloud           Conj/Pois/Air  2%         N/A       43%         3
 Spider Form              Tmut/Pois      2%         N/A       43%         3
 Anguish                  Hex/Necr       1%         N/A       85%         4

Inventory:

Hand Weapons
 a - a +1 spear of venom
 b - a +0 vorpal flail
 h - a +0 war axe
 u - a +2 dagger of draining
 A - a +0 halberd (weapon)
Missiles
 m - a throwing net {=f}
Armour
 n - a +2 pair of boots (worn)
 p - a +0 robe (worn)
 r - a +0 cloak (worn)
Magical Staves
 f - a staff of death
Wands
 y - a wand of iceblast (10)
Scrolls
 g - 2 scrolls of magic mapping
 i - 2 scrolls of vulnerability {!r}
 j - a scroll of enchant weapon
 o - a scroll of poison {unknown}
 v - 2 scrolls of amnesia
 w - a scroll of fog
 x - a scroll of silence {!r}
 z - a scroll of fear {unknown}
Potions
 c - 2 potions of degeneration {unknown}
 d - a potion of curing {@q1}
 e - a potion of lignification {unknown}
 k - 2 potions of cancellation {unknown}
 l - a potion of might {unknown}
 q - 2 potions of magic
 s - a potion of heal wounds {unknown}
 t - a potion of attraction {unknown}
 B - a potion of mutation {unknown}

Dungeon Overview and Level Annotations

Branches:
Dungeon (7/15)             Temple (1/1) D:5          Bailey (1/1)

Altars:
Ashenzari
Cheibriados
Elyvilon
Fedhas
Gozag
Hepliaklqana
Kikubaaqudgha
Makhleb
Nemelex Xobeh
Okawaru
Qazlal
Sif Muna
Trog
Uskayaw
Vehumet
Wu Jian
Yredelemnul
Zin
The Shining One

Annotations:
D:3 2 transporters, sanka's ghost, amateur DrSu

▒▒▒▒▒▒▒▒++▒ ..▒
▒8.▒8.....▒ ▒ ....
▒..▒......▒ ▒......
▒..▒......▒▒▒▒▒▒.♣....
▒..▒..)▒▒.........♣...
▒5.▒....▒▒....♣♣.♣....
▒.8▒▒....▒............
▒.h.▒▒)..▒▒.......♣...
▒8..)F..▒▒............
▒▒▒....▒▒.....♣...)..▒
▒▒...▒...♣.♣..).....
▒▒..▒..............
▒..▒............)▒
+..▒.....♣........
+..▒.......▒▒'▒...
▒..▒8..▒▒▒▒▒R)▒...
▒.8▒▒▒▒▒.÷)'..▒▒▒▒


You could see a gargoyle (ally target), a friendly hound (summoned) and a
friendly crimson imp (summoned).


Message History

A beastly little devil appears in a puff of flame.
The gargoyle hurls a stone arrow at you.
The stone arrow hits your hound!
Your hound dies!
You reach to attack!
You slash the gargoyle!
The gargoyle is moderately damaged.
The gargoyle hits Septima with a +0 flail.
Septima hits the gargoyle but does no damage.
The gargoyle hurls a stone arrow at you.
The stone arrow hits Septima!!
Septima is destroyed!
The gargoyle hurls a stone arrow at you.
The stone arrow hits you!!
Ouch! That really hurt!
* * * LOW HITPOINT WARNING * * *
Your crimson imp hits the gargoyle but does no damage.
Your crimson imp hits the gargoyle.
The gargoyle hurls a stone arrow at you.
The stone arrow hits you!
* * * LOW HITPOINT WARNING * * *
Your crimson imp hits the gargoyle but does no damage.
Your hound bites the gargoyle.
Your crimson imp hits the gargoyle but does no damage.
You see here a +0 spear.
Your hound bites the gargoyle but does no damage.
The gargoyle hurls a stone arrow at you.
The stone arrow hits you!!
Ouch! That really hurt!
You die...

Action                   |  1- 3 |  4- 6 |  7- 9 || total
-------------------------+-------+-------+-------++-------
Melee: Unarmed           |    27 |       |       ||    27
       Punch             |     3 |     1 |     1 ||     5
       War axe           |    29 |    95 |       ||   124
       Spear             |    23 |    38 |    44 ||   105
       Halberd           |       |       |    21 ||    21
       Flail             |       |       |     3 ||     3
 Cast: Summon Small Mamm |    25 |     1 |       ||    26
       Call Imp          |     4 |    16 |    10 ||    30
       Call Canine Famil |     3 |    10 |    13 ||    26
  Use: Scroll            |       |       |     9 ||     9
 Stab: Sleeping          |     2 |     1 |     1 ||     4
       Distracted        |     1 |     1 |       ||     2
Armor: Robe              |    25 |    19 |     9 ||    53
Dodge: Dodged            |    75 |    84 |    36 ||   195

Levels and vault maps discovered:
D:1:      dreamdust_arrival_sigmund_warning, layout_basic
D:2:      layout_loops_ring, shapermc_ecumenical_altar_flowoftime
D:3:      layout_basic, gammafunk_ghost_mausoleum, dreamdust_wishing_well,
          st_stairs_3
D:4:      layout_basic
D:5:      layout_basic, minmay_temple_entry_overgrown
D:6:      layout_gridville
D:7:      layout_loops_corners, enter_bailey_3, uniq_duvessa
Temple:   hellmonk_temple_divided_pantheon
Bailey:   bailey_polearm_vampire_castle_hellmonk, bailey

Notes
Turn   | Place    | Note
-------+----------+-------------------------------------------
     0 | D:1      | sanka the Barachi Summoner began the quest for the Orb.
     0 | D:1      | Reached XP level 1. HP: 13/13 MP: 3/3
    85 | D:1      | Reached skill level 5 in Summonings
   136 | D:1      | Reached XP level 2. HP: 17/19 MP: 0/5
   379 | D:1      | Reached XP level 3. HP: 9/24 MP: 0/7
   479 | D:1      | Learned a level 2 spell: Call Imp
   483 | D:1      | Learned a level 3 spell: Call Canine Familiar
   489 | D:1      | Reached skill level 3 in Spellcasting
  1480 | D:2      | Reached skill level 6 in Summonings
  1523 | D:2      | Reached XP level 4. HP: 23/30 MP: 4/8
  2095 | D:2      | Found a faded altar of an unknown god.
  2986 | D:3      | Found a transporter.
  2986 | D:3      | Noticed sanka's ghost (amateur DrSu)
  2989 | D:3      | Found a transporter.
  3048 | D:3      | Reached skill level 7 in Summonings
  3048 | D:3      | Reached XP level 5. HP: 35/35 MP: 4/9
  3783 | D:4      | Reached skill level 8 in Summonings
  3836 | D:4      | Reached skill level 1 in Fighting
  3836 | D:4      | Reached XP level 6. HP: 35/43 MP: 4/10
  3983 | D:4      | Reached skill level 2 in Fighting
  3983 | D:4      | Reached skill level 3 in Dodging
  4380 | D:4      | Reached skill level 3 in Fighting
  4380 | D:4      | Reached XP level 7. HP: 52/52 MP: 7/11
  4447 | D:4      | Reached skill level 4 in Dodging
  4609 | D:5      | Entered Level 5 of the Dungeon
  4898 | D:5      | Found a staircase to the Ecumenical Temple.
  4905 | D:5      | Reached skill level 4 in Fighting
  4911 | Temple   | Entered the Ecumenical Temple
  4911 | Temple   | Found a transporter.
  4911 | Temple   | Found a transporter.
  4940 | Temple   | Found a transporter.
  4940 | Temple   | Found a transporter.
  4969 | Temple   | Became a worshipper of Hepliaklqana the Forgotten
  5294 | D:5      | Reached skill level 5 in Dodging
  5563 | D:6      | Reached skill level 5 in Fighting
  5735 | D:7      | Reached XP level 8. HP: 56/62 MP: 8/12
  5749 | D:7      | Reached skill level 6 in Dodging
  5800 | D:7      | Reached * piety under Hepliaklqana
  5810 | D:7      | Found a flagged portal.
  5817 | Bailey   | Entered a bailey
  6190 | Bailey   | Noticed a gargoyle
  6200 | Bailey   | Killed from afar by a gargoyle

Vanquished Creatures
  A black bear (D:7)
  2 orc wizards
  An adder (D:2)
  2 gnolls
  3 dart slugs
  2 orcs
  3 endoplasms
  2 giant cockroaches
  8 goblins
  4 hobgoblins
  3 jackals
  4 kobolds
  4 quokkas
  5 ball pythons
  3 bats
  3 frilled lizards
  6 orc zombies (Bailey)
  4 rats
60 creatures vanquished.

Vanquished Creatures (collateral kills)
  2 ogres
  A phantom (D:5)
  A bullfrog (D:7)
  A scorpion (D:4)
  A hound (D:5)
  A jelly (D:4)
  An orc priest (D:3)
  An iguana (D:5)
  3 orc wizards
  6 gnolls
  5 adders
  An ufetubus (D:5)
  13 orcs
  4 ball pythons
  6 endoplasms
  A giant cockroach (D:1)
  4 hobgoblins
  8 jackals
  A kobold (D:1)
  A quokka (D:3)
  A bat (D:1)
  2 goblins
  7 orc zombies (Bailey)
  A rat (D:1)
73 creatures vanquished.

Vanquished Creatures (others)
  An orc wizard (D:5)
  An ancestor (Bailey)
  5 plants (D:2)
  9 withered plants (D:2)
16 creatures vanquished.

Grand Total: 149 creatures vanquished
